Construct Infanterie Kompanie
Selects Luftwaffe Battlegroup
Selects Luftwaffe Battlegroup
Selects Luftwaffe Battlegroup
Construct Panzergrenadier Kompanie
Selects Luftwaffe Pioneer Support
Selects Stuka Strafing Run
Infanterie Officer Quarters
Fallschirmpioneer Squad Paradrop
Selects LG40 Recoilless Gun Paradrop
LG40 Recoilless Gun Paradrop
Fallschirmpioneer Squad Paradrop
Fallschirmpioneer Squad Paradrop
Construct Panzer Kompanie
Selects Fallschirmjäger Squad Paradrop
Fallschirmpioneer Squad Paradrop
Fallschirmjäger Squad Paradrop